| TOP OF THE 1ST |
|
University of Toronto Marlies batting - Pitching for Rice University Owls : RHP Allen Wright Jr.
|
|
Pitching: RHP Allen Wright Jr.
|
|
|
Batting: LHB Jonathan Roman
|
0-0: Ball 1-0: Called Strike 1-1: Called Strike 1-2: Ball 2-2: Fly out, F7 (Flyball, 7S, EV 85.6 MPH)
|
|
Batting: RHB Rich Thurman
|
0-0: Foul Ball, location: 2F 0-1: Ball 1-1: Ball 2-1: Ball 3-1: Called Strike 3-2: Base on Balls
|
|
Batting: LHB Jonathon Walton
|
0-0: Fielders Choice at 2nd, 4-6 (Groundball, 4, EV 84.4 MPH)
|
|
Batting: RHB Elijah Hunter
|
0-0: Called Strike 0-1: Ball 1-1: Swinging Strike 1-2: Ball 2-2: Ball 3-2: Base on Balls Jonathon Walton to second
|
|
Batting: RHB Masaru Konno
|
0-0: Ball 1-0: Ball 2-0: SINGLE (Groundball, 56D, EV 101.3 MPH) Jonathon Walton to third Elijah Hunter to second Runner from 3rd tries for Home, SAFE, throw by LF to home
|
|
Batting: LHB Chris Williams
|
0-0: Called Strike 0-1: Ball 1-1: Foul Ball, location: 2F 1-2: Ball 2-2: Fly out, F7 (Flyball, 7S, EV 77.5 MPH)
|
| Top of the 1st over - 1 run, 1 hit, 0 errors, 2 left on base; University of Toronto 1 - Rice University 0 |
| BOTTOM OF THE 1ST |
|
Rice University Owls batting - Pitching for University of Toronto Marlies : RHP Yuji Higashi
|
|
Pitching: RHP Yuji Higashi
|
|
|
Batting: RHB Roberto Aispuro
|
0-0: Ball 1-0: SINGLE (Line Drive, 4D, EV 97.5 MPH)
|
|
Batting: LHB Mason Duffy
|
0-0: Ball 1-0: Ball 2-0: Called Strike 2-1: Fielders Choice at 2nd, 5-4 (Groundball, 5L, EV 87.5 MPH)
|
|
Batting: RHB Logan Johnson
|
0-0: Foul Ball, location: 2F 0-1: Fly out, F5 (Line Drive, 5, EV 74.4 MPH)
|
|
Batting: RHB Tony Casas
|
0-0: Ground out 5-3 (Groundball, 5S, EV 78.1 MPH)
|
| Bottom of the 1st over - 0 runs, 1 hit, 0 errors, 1 left on base; University of Toronto 1 - Rice University 0 |
| TOP OF THE 2ND |
|
University of Toronto Marlies batting - Pitching for Rice University Owls : RHP Allen Wright Jr.
|
|
Batting: RHB Simon Van Steenwyk
|
0-0: Ball 1-0: SINGLE (Line Drive, 89S, EV 108.1 MPH)
|
|
Batting: RHB Dan Allred
|
0-0: Grounds into double play, 6-4-3 (Groundball, 6, EV 86.9 MPH)
|
|
Batting: LHB Marshall Daul
|
0-0: Foul Ball, location: 2F 0-1: Called Strike 0-2: Ball 1-2: Ball 2-2: Ball 3-2: Strikes out swinging
|
| Top of the 2nd over - 0 runs, 1 hit, 0 errors, 0 left on base; University of Toronto 1 - Rice University 0 |
| BOTTOM OF THE 2ND |
|
Rice University Owls batting - Pitching for University of Toronto Marlies : RHP Yuji Higashi
|
|
Batting: RHB Dave Crouch
|
0-0: Called Strike 0-1: Ball 1-1: Fly out, F8 (Flyball, 8LD, EV 96.9 MPH)
|
|
Batting: SHB Justin Towry
|
0-0: Foul Ball, location: 2F 0-1: Ball 1-1: Ball 2-1: Swinging Strike 2-2: Strikes out swinging
|
|
Batting: RHB Josh Faulconer
|
0-0: Called Strike 0-1: SINGLE (Groundball, 56D, EV 107.5 MPH)
|
|
Batting: RHB Tony Beaumond
|
0-0: Fly out, F6 (Popup, 6MS, EV 86.9 MPH)
|
| Bottom of the 2nd over - 0 runs, 1 hit, 0 errors, 1 left on base; University of Toronto 1 - Rice University 0 |
| TOP OF THE 3RD |
|
University of Toronto Marlies batting - Pitching for Rice University Owls : RHP Allen Wright Jr.
|
|
Batting: LHB Jonathan Roman
|
0-0: SINGLE (Groundball, 25, EV 64.4 MPH) (infield hit)
|
|
Batting: RHB Rich Thurman
|
0-0: Ball 1-0: Called Strike 1-1: Swinging Strike 1-2: Strikes out looking
|
|
Batting: LHB Jonathon Walton
|
0-0: Ball 1-0: Ball 2-0: Ball 3-0: Called Strike 3-1: Base on Balls Jonathan Roman to second
|
|
Batting: RHB Elijah Hunter
|
0-0: Ball 1-0: Swinging Strike 1-1: Ball 2-1: Swinging Strike 2-2: Strikes out swinging
|
|
Batting: RHB Masaru Konno
|
0-0: Ball 1-0: Foul Ball, location: 2F 1-1: SINGLE (Line Drive, 9LS, EV 96.3 MPH) Jonathan Roman to third Jonathon Walton to second Runner from 3rd tries for Home, SAFE, throw by RF to home
|
|
Batting: LHB Chris Williams
|
0-0: Ball 1-0: Fly out, F8 (Flyball, 8RD, EV 85.0 MPH)
|
| Top of the 3rd over - 1 run, 2 hits, 0 errors, 2 left on base; University of Toronto 2 - Rice University 0 |
| BOTTOM OF THE 3RD |
|
Rice University Owls batting - Pitching for University of Toronto Marlies : RHP Yuji Higashi
|
|
Batting: RHB Toshikatsu Omori
|
0-0: Ball 1-0: Fly out, F7 (Flyball, 78D, EV 105.0 MPH)
|
|
Batting: RHB Roberto Aispuro
|
0-0: Called Strike 0-1: Ball 1-1: Called Strike 1-2: Fly out, F9 (Line Drive, 9D, EV 95.6 MPH)
|
|
Batting: LHB Mason Duffy
|
0-0: Ball 1-0: Ground out 1-3 (Groundball, P, EV 63.8 MPH)
|
| Bottom of the 3rd over - 0 runs, 0 hits, 0 errors, 0 left on base; University of Toronto 2 - Rice University 0 |
| TOP OF THE 4TH |
|
University of Toronto Marlies batting - Pitching for Rice University Owls : RHP Allen Wright Jr.
|
|
Batting: RHB Simon Van Steenwyk
|
0-0: Called Strike 0-1: Ball 1-1: Swinging Strike 1-2: Ball 2-2: Strikes out swinging
|
|
Batting: RHB Dan Allred
|
0-0: Called Strike 0-1: Foul Ball, location: 2F 0-2: Ground out 4-3 (Groundball, 4S, EV 87.5 MPH)
|
|
Batting: LHB Marshall Daul
|
0-0: Called Strike 0-1: Ball 1-1: Ball 2-1: Foul Ball, location: 2F 2-2: SINGLE (Line Drive, 89S, EV 105.0 MPH)
|
|
Batting: LHB Jonathan Roman
|
0-0: Foul Ball, location: 2F 0-1: Ball 1-1: Ball Marshall Daul steals 2nd base 2-1: Ball 3-1: Foul Ball, location: 2F 3-2: Base on Balls
|
|
Batting: RHB Rich Thurman
|
0-0: Ball 1-0: Ball 2-0: Called Strike 2-1: Ball 3-1: Called Strike 3-2: Foul Ball, location: 2F 3-2: Foul Ball, location: 2F 3-2: SINGLE (Line Drive, 78S, EV 94.4 MPH) Marshall Daul to third Jonathan Roman to second Marshall Daul scores Jonathan Roman to third
|
|
Batting: LHB Jonathon Walton
|
0-0: Ball Rich Thurman steals 2nd base 1-0: Foul Ball, location: 2F 1-1: Ground out 4-3 (Groundball, 4, EV 92.5 MPH)
|
| Top of the 4th over - 1 run, 2 hits, 0 errors, 2 left on base; University of Toronto 3 - Rice University 0 |
| BOTTOM OF THE 4TH |
|
Rice University Owls batting - Pitching for University of Toronto Marlies : RHP Yuji Higashi
|
|
Batting: RHB Logan Johnson
|
0-0: Called Strike 0-1: Ball 1-1: Foul Ball, location: 2F 1-2: Foul Ball, location: 2F 1-2: Foul Ball, location: 2F 1-2: Fly out, F8 (Flyball, 89S, EV 80.0 MPH)
|
|
Batting: RHB Tony Casas
|
0-0: Fly out, F8 (Flyball, 8RM, EV 90.0 MPH)
|
|
Batting: RHB Dave Crouch
|
0-0: Called Strike 0-1: Ball 1-1: Foul Ball, location: 2F 1-2: Foul Ball, location: 2F 1-2: Strikes out swinging
|
| Bottom of the 4th over - 0 runs, 0 hits, 0 errors, 0 left on base; University of Toronto 3 - Rice University 0 |
| TOP OF THE 5TH |
|
University of Toronto Marlies batting - Pitching for Rice University Owls : RHP Allen Wright Jr.
|
|
Batting: RHB Elijah Hunter
|
0-0: Ground out 4-3 (Groundball, 4, EV 86.3 MPH)
|
|
Batting: RHB Masaru Konno
|
0-0: Ball 1-0: Foul Ball, location: 2F 1-1: Swinging Strike 1-2: Ball 2-2: Reached on error, E6 (Groundball, 6, EV 86.9 MPH)
|
|
Batting: LHB Chris Williams
|
0-0: Foul Ball, location: 2F 0-1: Ball 1-1: Foul Ball, location: 2F 1-2: Ball 2-2: Fielders Choice at 2nd, 6-4 (Groundball, 6, EV 102.5 MPH)
|
|
Batting: RHB Simon Van Steenwyk
|
0-0: Called Strike 0-1: Ball 1-1: Ball 2-1: Swinging Strike 2-2: Foul Ball, location: 2F 2-2: Fly out, F8 (Flyball, 8LM, EV 88.1 MPH)
|
| Top of the 5th over - 0 runs, 0 hits, 1 error, 1 left on base; University of Toronto 3 - Rice University 0 |
| BOTTOM OF THE 5TH |
|
Rice University Owls batting - Pitching for University of Toronto Marlies : RHP Yuji Higashi
|
|
Batting: SHB Justin Towry
|
0-0: Foul Ball, location: 2F 0-1: Fly out, F7 (Line Drive, 7, EV 93.8 MPH)
|
|
Batting: RHB Josh Faulconer
|
0-0: Foul Ball, location: 2F 0-1: Ball 1-1: Ball 2-1: Ground out 4-3 (Groundball, 4, EV 82.5 MPH)
|
|
Batting: RHB Tony Beaumond
|
0-0: SINGLE (Line Drive, 34, EV 95.6 MPH)
|
|
Batting: RHB Toshikatsu Omori
|
0-0: Foul Ball, location: 2F 0-1: Ball 1-1: Ball 2-1: Called Strike 2-2: Strikes out swinging
|
| Bottom of the 5th over - 0 runs, 1 hit, 0 errors, 1 left on base; University of Toronto 3 - Rice University 0 |
| TOP OF THE 6TH |
|
University of Toronto Marlies batting - Pitching for Rice University Owls : RHP Allen Wright Jr.
|
|
Pitching: LHP Alex Ramirez
|
|
|
Batting: RHB Dan Allred
|
0-0: Ball 1-0: Ball 2-0: SINGLE (Flyball, 56D, EV 100.0 MPH)
|
|
Batting: LHB Marshall Daul
|
0-0: Ball 1-0: Foul Ball, location: 2F 1-1: Swinging Strike 1-2: Strikes out swinging
|
|
Batting: LHB Jonathan Roman
|
0-0: Foul Ball, location: 2F 0-1: Swinging Strike 0-2: SINGLE (Line Drive, 8LS, EV 107.5 MPH) Dan Allred to second
|
|
Batting: RHB Rich Thurman
|
0-0: Ball 1-0: Ball 2-0: Ball 3-0: Called Strike 3-1: Base on Balls Dan Allred to third Jonathan Roman to second
|
|
Batting: LHB Jonathon Walton
|
0-0: Called Strike 0-1: Ball 1-1: Ball 2-1: SINGLE (Groundball, 4M, EV 111.3 MPH) Dan Allred scores Jonathan Roman to third Rich Thurman to second
|
|
Batting: RHB Elijah Hunter
|
0-0: Called Strike 0-1: Foul Ball, location: 2F 0-2: Ball 1-2: Foul Ball, location: 2F 1-2: Foul Ball, location: 2F 1-2: Fielders Choice at 2nd, 4-6 (Groundball, 34, EV 79.4 MPH) Jonathan Roman scores Rich Thurman to third
|
|
Pitching: LHP Mike Rosas
|
|
|
Batting: RHB Masaru Konno
|
0-0: Called Strike 0-1: Hit by Pitch Elijah Hunter to second
|
|
Batting: LHB Chris Williams
|
0-0: Ball 1-0: Ball 2-0: Swinging Strike 2-1: Swinging Strike 2-2: Strikes out swinging
|
| Top of the 6th over - 2 runs, 3 hits, 0 errors, 3 left on base; University of Toronto 5 - Rice University 0 |
| BOTTOM OF THE 6TH |
|
Rice University Owls batting - Pitching for University of Toronto Marlies : RHP Yuji Higashi
|
|
Batting: RHB Roberto Aispuro
|
0-0: Called Strike 0-1: Called Strike 0-2: Fly out, F9 (Flyball, 89M, EV 98.8 MPH)
|
|
Batting: LHB Mason Duffy
|
0-0: SINGLE (Line Drive, 34, EV 105.6 MPH)
|
|
Batting: RHB Logan Johnson
|
0-0: Ball 1-0: Ball 2-0: Called Strike 2-1: Foul Ball, location: 2F 2-2: Ball 3-2: Ground out 6-3 (Groundball, 6, EV 101.9 MPH) Mason Duffy to second
|
|
Batting: RHB Tony Casas
|
0-0: Swinging Strike 0-1: Foul Ball, location: 2F 0-2: SINGLE (Line Drive, 8LS, EV 101.9 MPH) Mason Duffy to third
|
|
Batting: RHB Dave Crouch
|
0-0: Called Strike Tony Casas steals 2nd base 0-1: DOUBLE (Flyball, 89D, EV 113.8 MPH) Mason Duffy scores Tony Casas scores
|
|
Batting: SHB Justin Towry
|
0-0: Swinging Strike 0-1: Ball 1-1: Ball 2-1: 2-RUN HOME RUN (Flyball, 9LD, EV 97.5 MPH), Distance : 342 ft
|
|
Batting: RHB Josh Faulconer
|
0-0: Ball 1-0: Ball 2-0: Fly out, F9 (Flyball, 9, EV 89.4 MPH)
|
| Bottom of the 6th over - 4 runs, 4 hits, 0 errors, 0 left on base; University of Toronto 5 - Rice University 4 |
| TOP OF THE 7TH |
|
University of Toronto Marlies batting - Pitching for Rice University Owls : LHP Mike Rosas
|
|
Batting: RHB Simon Van Steenwyk
|
0-0: Swinging Strike 0-1: Foul Ball, location: 2F 0-2: Ball 1-2: Ball 2-2: Fly out, F8 (Flyball, 8RM, EV 83.1 MPH)
|
|
Batting: RHB Dan Allred
|
0-0: Ball 1-0: Ball 2-0: Ball 3-0: Called Strike 3-1: Called Strike 3-2: Ground out 6-3 (Groundball, 6, EV 88.8 MPH)
|
|
Batting: LHB Marshall Daul
|
0-0: Ground out U3 (Groundball, 3L, EV 101.3 MPH)
|
| Top of the 7th over - 0 runs, 0 hits, 0 errors, 0 left on base; University of Toronto 5 - Rice University 4 |
| BOTTOM OF THE 7TH |
|
Rice University Owls batting - Pitching for University of Toronto Marlies : RHP Yuji Higashi
|
|
Now at 2B: Jose Argueta
|
|
|
Now in CF: Marshall Daul
|
|
|
Now in RF: Dan Allred
|
|
|
Batting: RHB Tony Beaumond
|
0-0: Foul Ball, location: 2F 0-1: Foul Ball, location: 2F 0-2: Ball 1-2: Ball 2-2: Ball 3-2: DOUBLE (Line Drive, 89D, EV 106.9 MPH)
|
|
Pinch Hitting: RHB Troy Trice
|
0-0: Ball 1-0: Ball 2-0: Ball 3-0: Base on Balls
|
|
Batting: RHB Roberto Aispuro
|
0-0: Ball 1-0: Ball 2-0: Sac Bunt to 2L - play at first, batter OUT! 2-4 Tony Beaumond to third Troy Trice to second
|
|
Batting: LHB Mason Duffy
|
0-0: Ground out U3 (Groundball, 23, EV 84.4 MPH)
|
|
Batting: RHB Logan Johnson
|
0-0: Foul Ball, location: 2F 0-1: SINGLE (Line Drive, 78M, EV 99.4 MPH) Tony Beaumond scores Troy Trice to third
|
|
Batting: RHB Tony Casas
|
0-0: Ball 1-0: Ball 2-0: Ground out 5-3 (Groundball, 5L, EV 77.5 MPH)
|
| Bottom of the 7th over - 1 run, 2 hits, 0 errors, 2 left on base; University of Toronto 5 - Rice University 5 |
| TOP OF THE 8TH |
|
University of Toronto Marlies batting - Pitching for Rice University Owls : LHP Mike Rosas
|
|
Pitching: RHP Mike Flynn
|
|
|
Now at 1B: Steve Goodall
|
|
|
Batting: LHB Jonathan Roman
|
0-0: Ball 1-0: Ground out 3-1 (Groundball, 34, EV 104.4 MPH)
|
|
Batting: RHB Rich Thurman
|
0-0: Ball 1-0: Called Strike 1-1: Fly out, F8 (Line Drive, 8RM, EV 94.4 MPH)
|
|
Batting: LHB Jonathon Walton
|
0-0: Called Strike 0-1: Fly out, F7 (Flyball, 78S, EV 81.9 MPH)
|
| Top of the 8th over - 0 runs, 0 hits, 0 errors, 0 left on base; University of Toronto 5 - Rice University 5 |
| BOTTOM OF THE 8TH |
|
Rice University Owls batting - Pitching for University of Toronto Marlies : RHP Yuji Higashi
|
|
Batting: RHB Dave Crouch
|
0-0: Called Strike 0-1: Foul Ball, location: 2F 0-2: Fly out, F9 (Flyball, 9D, EV 105.0 MPH)
|
|
Batting: SHB Justin Towry
|
0-0: Swinging Strike 0-1: Called Strike 0-2: Ball 1-2: Foul Ball, location: 2F 1-2: DOUBLE (Line Drive, 9LS, EV 94.4 MPH)
|
|
Batting: RHB Josh Faulconer
|
0-0: Called Strike 0-1: Called Strike 0-2: Foul Ball, location: 2F 0-2: Ball 1-2: Fly out, F9 (Flyball, 9LD, EV 85.0 MPH) Runner from 2nd tags up, SAFE at 3rd, no throw by RF
|
|
Batting: RHB Tony Beaumond
|
0-0: Ball 1-0: Foul Ball, location: 2F 1-1: SINGLE (Groundball, 34D, EV 98.1 MPH) Justin Towry scores
|
|
Pitching: LHP Chris Salazar
|
|
|
Batting: RHB Steve Goodall
|
0-0: Ball 1-0: Ball 2-0: Foul Ball, location: 2F 2-1: Called Strike 2-2: Fly out, F4 (Popup, 4S, EV 75.6 MPH)
|
| Bottom of the 8th over - 1 run, 2 hits, 0 errors, 1 left on base; University of Toronto 5 - Rice University 6 |
| TOP OF THE 9TH |
|
University of Toronto Marlies batting - Pitching for Rice University Owls : RHP Mike Flynn
|
|
Batting: RHB Elijah Hunter
|
0-0: Swinging Strike 0-1: Foul Ball, location: 2F 0-2: Strikes out swinging
|
|
Batting: RHB Masaru Konno
|
0-0: Ball 1-0: Ball 2-0: Fly out, F8 (Line Drive, 8RM, EV 98.1 MPH)
|
|
Pinch Hitting: SHB Jason Todd
|
0-0: Swinging Strike 0-1: Foul Ball, location: 2F 0-2: Strikes out swinging
|
| Top of the 9th over - 0 runs, 0 hits, 0 errors, 0 left on base; University of Toronto 5 - Rice University 6 |
|